 Dungeon Crawl Stone Soup version 0.17-a0-2231-gd80ca38 (webtiles) character file.

44 Gruud the Insei (level 3, 0/26 HPs)
             Began as a Demonspawn Transmuter on Oct 28, 2015.
             Slain by a worm (5 damage)
             ... on level 2 of the Dungeon on Oct 29, 2015.
             The game lasted 00:06:35 (1135 turns).

Gruud the Insei (Demonspawn Transmuter)             Turns: 1135, Time: 00:06:35

Health: 0/26       AC:  3    Str: 10    XL:     3   Next: 39%
Magic:  1/6        EV: 12    Int: 14    God:
Gold:   44         SH:  0    Dex: 14    Spells: 2 memorised, 3 levels left

rFire  . . .     SeeInvis .       - Unarmed
rCold  . . .     Clarity  .     b - +0 robe
rNeg   . . .     SustAt   .     (no shield)
rPois  .         Gourm    .     (no helmet)
rElec  .         Spirit   .     (no cloak)
rCorr  .         Warding  .     h - +0 pair of gloves
rMut   .         Stasis   .     (no boots)
MR     .....                    (no amulet)
Stlth  +.........               (no ring)
                                (no ring)

@: not resistant to hostile enchantments, very unstealthy
A: demonic guardian 1
a: no special abilities


You were on level 2 of the Dungeon.
You were not hungry.

You visited 1 branch of the dungeon, and saw 2 of its levels.

You collected 44 gold pieces.

Inventory:

Missiles
 a - 33 arrows
Armour
 b - a +0 robe (worn)
 h - a +0 pair of gloves (worn)
Scrolls
 e - a scroll of fog {unknown}
 f - a scroll of enchant armour {unknown}
 g - a scroll of amnesia {unknown}
 k - a scroll of blinking {unknown}
 o - a scroll of magic mapping {unknown}
 p - a scroll of identify {unknown}
Potions
 l - 3 potions of curing {unknown}
 n - a potion of magic {unknown}
Books
 c - a book of Changes

   Spells                             Type                      Level
   a - Beastly Appendage              Transmutation                1
   b - Sticks to Snakes               Transmutation                2
   c - Spider Form                    Transmutation/Poison         3
   d - Ice Form                       Ice/Transmutation            4
   e - Blade Hands                    Transmutation                5
Comestibles
 d - a bread ration
 i - 3 chunks of flesh
 j - a slice of pizza
 m - a fruit


   Skills:
 + Level 1.5 Fighting
 + Level 2.2 Dodging
 * Level 3.5 Unarmed Combat
 - Level 2.0 Spellcasting
 - Level 1.7 Transmutations


You had 3 spell levels left.
You knew the following spells:

 Your Spells              Type           Power        Failure   Level  Hunger
a - Beastly Appendage     Trmt           #.....       14%         1    ##.....
b - Sticks to Snakes      Trmt           #.........   21%         2    ###....


Dungeon Overview and Level Annotations

Branches:
Dungeon (2/15)

Altars:


Innate Abilities, Weirdness & Mutations

A weak demonic guardian rushes to your aid.


Message History

You create a snake!
You are feeling hungry.
Eat one of 4 chunks of flesh? (ye/n/q/i?) This raw flesh tastes terrible.
You continue eating. x2
Your ball python barely misses the worm.
Your ball python grabs the worm.
Your ball python constricts the worm.
Your ball python bites the worm but does no damage.
Your ball python constricts the worm.
Your ball python bites the worm.
Your ball python constricts the worm.
The worm closely misses you.
You hit the worm but do no damage.
The worm is heavily wounded.
Your ball python bites the worm.
Your ball python constricts the worm.
You strike the helpless worm from a blind spot!
You hit the worm.
The worm is almost dead.
Your ball python bites the worm.
Your ball python constricts the worm.
The worm bites you.
You die...

.....## #......##.##.#...
.....# #......'.....####
..#.#### #####......##.####
#.....# #.............#
#.....# #.........#####
####.....####....)....######
.%..........'.........'>...#
...".....####.Sw......####.#
.=.......# #..(@.....'..
........## #.........###
........# #.........##
.........# #............#
.......#.# ####)#.......#
.......#.#######.#.......#
...............#(#.......#
...............#.#########
#.........#.#


You could see a worm and a friendly ball python.

Vanquished Creatures
  2 giant geckos (D:1)
  2 ball pythons
  5 giant cockroaches (D:2)
  5 hobgoblins
  6 jackals
  5 kobolds
  3 bats
  2 giant newts
  2 goblins
  3 rats
35 creatures vanquished.

Vanquished Creatures (collateral kills)
  A worm (D:2)
1 creature vanquished.

Grand Total: 36 creatures vanquished

Notes
Turn   | Place    | Note
--------------------------------------------------------------
     0 | D:1      | Gruud the Demonspawn Transmuter began the quest for the Orb.
     0 | D:1      | Reached XP level 1. HP: 15/15 MP: 3/3
   111 | D:1      | Reached skill level 3 in Unarmed Combat
   290 | D:1      | Gained mutation: A weak demonic guardian rushes to your aid. [demonic ancestry]
   290 | D:1      | Reached XP level 2. HP: 16/21 MP: 3/5
   772 | D:2      | Upgraded the game from 0.17-a0-2220-g6fea741 to 0.17-a0-2231-gd80ca38
   785 | D:2      | Learned a level 2 spell: Sticks to Snakes
   827 | D:2      | Reached XP level 3. HP: 23/26 MP: 4/6
  1135 | D:2      | Slain by a worm

Vault maps used:
D:1:      scummos_arrival_hexagon, serial_bayou_lagoon_a

Action                   || total
-------------------------++-------
Melee: Unarmed           ||   121
 Cast: Beastly Appendage ||    16
       Sticks to Snakes  ||     5
 Stab: Distracted        ||     2
       Sleeping          ||     1
  Eat: Chunk             ||     2
